 Dungeon Crawl Stone Soup version 0.19.5 (webtiles) character file.

173 JeffiDaFish the Chiller (level 5, -8/38 HPs)
             Began as a Demigod Ice Elementalist on Oct 28, 2017.
             Mangled by JeffiDaFish's ghost (11 damage)
             ... on level 3 of the Dungeon.
             The game lasted 00:10:55 (3250 turns).

JeffiDaFish the Chiller (Demigod Ice Elementalist)  Turns: 3250, Time: 00:10:57

Health: -8/38      AC:  5    Str: 11    XL:     5   Next: 6%
Magic:  4/12       EV: 12    Int: 19    God:
Gold:   233        SH:  0    Dex: 18    Spells: 3 memorised, 3 levels left

rFire  + . .     SeeInvis .     j - +0 short sword
rCold  . . .     Gourm    .     e - +0 leather armour
rNeg   . . .     Faith    .     (no shield)
rPois  .         Spirit   .     l - +0 helmet
rElec  +         Reflect  .     i - +0 cloak
rCorr  .         Harm     .     (no gloves)
MR     .....                    (no boots)
Stlth  ++........               (no amulet)
                                (no ring)
                                a - ring of protection from fire

@: no status effects
A: talons 1, high mp 1, electricity resistance, subdued magic 1
a: no special abilities


You were on level 3 of the Dungeon.
You were not hungry.

You visited 1 branch of the dungeon, and saw 3 of its levels.

You collected 233 gold pieces.

Inventory:

Hand Weapons
 j - a +0 short sword (weapon)
Armour
 e - a +0 leather armour (worn)
 i - a +0 cloak (worn)
 l - a +0 helmet (worn)
Jewellery
 a - a ring of protection from fire (left hand)
Wands
 g - a wand of acid (11/15)
Scrolls
 k - 2 scrolls of remove curse
Potions
 d - a potion of flight
 f - 2 potions of might
 h - 2 potions of haste
 n - a potion of curing
Books
 b - a book of Frost

   Spells                             Type                      Level
   a - Freeze                         Ice                          1
   b - Throw Frost                    Conjuration/Ice              2
   c - Ozocubu's Armour               Charms/Ice                   3
   d - Throw Icicle                   Conjuration/Ice              4
   e - Summon Ice Beast               Ice/Summoning                4
Comestibles
 c - 3 bread rations
 m - 2 chunks of flesh


   Skills:
 + Level 1.6 Short Blades
 + Level 2.4 Dodging
 + Level 2.9 Stealth
 * Level 2.7 Spellcasting
 - Level 0.8 Conjurations
 * Level 3.5 Ice Magic


You had 3 spell levels left.
You knew the following spells:

 Your Spells              Type           Power        Failure   Level  Hunger
a - Freeze                Ice            ##..         4%          1    None
b - Throw Frost           Conj/Ice       #.....       12%         2    ##.....
c - Ozocubu's Armour      Chrm/Ice       #.......     30%         3    ###....


Dungeon Overview and Level Annotations

Branches:
Dungeon (3/15)

Annotations:
D:3 1 runed door, JeffiDaFish's ghost, amateur GrFi


Innate Abilities, Weirdness & Mutations

You have an increased reservoir of magic. (+10% MP)
You have sharp toenails.
You are resistant to electric shocks. (rElec)
Your spells are a little easier to cast, but a little less powerful.


Message History

JeffiDaFish's ghost is moderately damaged.
JeffiDaFish's ghost hits you.
Casting: Freeze
Confirm with . or Enter, or press ? or * to list all spells.
Aiming: Freeze
Press: ? - help, Shift-Dir - straight line, f/p - JeffiDaFish's ghost
Aim: JeffiDaFish's ghost (moderately damaged)
You freeze JeffiDaFish's ghost.
JeffiDaFish's ghost resists.
JeffiDaFish's ghost is moderately damaged.
JeffiDaFish's ghost hits you!
* * * LOW HITPOINT WARNING * * *
Casting: Freeze
Confirm with . or Enter, or press ? or * to list all spells.
Aiming: Freeze
Press: ? - help, Shift-Dir - straight line, f/p - JeffiDaFish's ghost
Aim: JeffiDaFish's ghost (moderately damaged)
You freeze JeffiDaFish's ghost.
JeffiDaFish's ghost resists.
JeffiDaFish's ghost is moderately damaged.
JeffiDaFish's ghost hits you!
You die...

....#.#.....# #...####....## #
≈≈###.#.#.### #.(.##....#..# #
♣## #..<...# #...##....##.## #
.####.....######.........##..####
.'...............................
.####.###...........)...(###.#...
.# #.# #...........)...(# #.....
.# #.###..............).####....
## #...)......W@.....###........
#.....#####.....).# #..[.(...
#.....# ###.......###........
#.....###...........'........
#......##.#.......###.......#
#...........#####.###.......#
#.###..###..#.......##.####..
#..#..##A##.........##.#####.
##...###S###........##.......


You could see an angel and JeffiDaFish's ghost.

Vanquished Creatures
  An orc priest (D:3)
  Jessica (D:2)
  An orc wizard (D:3)
  2 adders (D:2)
  2 oozes
  3 dart slugs
  A leopard gecko (D:1)
  6 orcs (D:3)
  2 giant cockroaches (D:1)
  6 goblins
  8 hobgoblins
  4 jackals
  7 kobolds
  5 bats
  2 frilled lizards
  A rat (D:1)
52 creatures vanquished.

Notes
Turn   | Place    | Note
-------+----------+-------------------------------------------
     0 | D:1      | JeffiDaFish the Demigod Ice Elementalist began the quest for the Orb.
     0 | D:1      | Reached XP level 1. HP: 14/14 MP: 5/5
   281 | D:1      | Reached XP level 2. HP: 9/20 MP: 1/7
   694 | D:1      | Learned a level 2 spell: Throw Frost
   904 | D:1      | Reached skill level 1 in Short Blades
  1097 | D:2      | Reached skill level 3 in Ice Magic
  1097 | D:2      | Reached XP level 3. HP: 23/26 MP: 2/8
  1409 | D:2      | Noticed Jessica
  1419 | D:2      | Killed Jessica
  1524 | D:2      | Gained mutation: You are resistant to electric shocks. (rElec) [potion of mutation]
  1524 | D:2      | Gained mutation: You have sharp toenails. [potion of mutation]
  1524 | D:2      | Gained mutation: Your spells are a little easier to cast, but a little less powerful. [potion of mutation]
  1710 | D:3      | Noticed JeffiDaFish's ghost (amateur GrFi)
  1725 | D:2      | Reached XP level 4. HP: 8/33 MP: 1/10
  2660 | D:3      | Found a glowing golden altar of the Shining One.
  2660 | D:3      | Noticed an angel
  2661 | D:3      | Found a runed door.
  2804 | D:3      | Reached XP level 5. HP: 22/38 MP: 9/12
  3033 | D:3      | Learned a level 3 spell: Ozocubu's Armour
  3250 | D:3      | Mangled by JeffiDaFish's ghost

Skill      XL: |  1  2 |
---------------+-------+-----
Spellcasting   | 2 |  2.7
Dodging        | 2 |  2.4
Stealth        | 2 |  2.9
Short Blades   | 1 |  1.6
Ice Magic      | 3 |  3.5
Conjurations   | |  0.8

Action                   |  1- 3 |  4- 6 || total
-------------------------+-------+-------++-------
Melee: Dagger            |    35 |       ||    35
       Short sword       |    11 |    75 ||    86
       Kick              |     3 |    13 ||    16
 Cast: Freeze            |    32 |    19 ||    51
       Throw Frost       |    10 |    14 ||    24
  Use: Potion            |     7 |     2 ||     9
       Scroll            |     2 |       ||     2
 Stab: Sleeping          |     5 |     1 ||     6
       Invisible         |       |     3 ||     3
  Eat: Chunk             |     4 |     6 ||    10
Armor: Robe              |    13 |       ||    13
       Leather armour    |     3 |    14 ||    17
Dodge: Dodged            |    42 |    53 ||    95
